 Dungeon Crawl Stone Soup version 0.29.1-4-g47bece8355 (webtiles) character file.

Game seed: 3617706511641309045

5488 warriortoast the Skirmisher (level 10, -9/51 HPs)
             Began as a Spriggan Hunter on Dec 6, 2022.
             Was a Follower of Fedhas.
             Shot with an arrow by a centaur warrior (11 damage)
             ... on level 7 of the Dungeon on Dec 8, 2022.
             The game lasted 00:25:14 (10228 turns).

warriortoast the Skirmisher (Spriggan Hunter)      Turns: 10228, Time: 00:25:14

Health: -9/51      AC:  4    Str:  9    XL:     10   Next: 42%
Magic:  11/11      EV: 25    Int: 12    God:    Fedhas [*.....]
Gold:   219        SH:  5    Dex: 20    Spells: 9/9 levels left

rFire   + . .      SeeInvis +   D - +0 arbalest
rCold   . . .      Faith    .   (shield currently unavailable)
rNeg    . . .      Spirit   .   z - +2 robe {rF+}
rPois   +          Reflect  +   (helmet restricted)
rElec   .          Harm     .   (no cloak)
rCorr   .          Rampage  .   (gloves unavailable)
Will    +....                   (boots unavailable)
Stlth   +++++.....              o - amulet of reflection
HPRegen 0.17/turn               l - ring of poison resistance
MPRegen 0.12/turn               (no ring)

@: very quick
A: very small, no large weapons, unfitting armour, see invisible, speed 3
a: Renounce Religion


You were on level 7 of the Dungeon.
You worshipped Fedhas.
Fedhas was aware of your devotion.
You visited 2 branches of the dungeon, and saw 9 of its levels.

You collected 498 gold pieces.
You spent 279 gold pieces at shops.

Inventory:

Hand Weapons
 a - a +0 shortbow of freezing
 D - a +0 arbalest (weapon)
Missiles
 C - a throwing net
Armour
 z - a +2 robe of fire resistance (worn)
 I - +0 steam dragon scales
Jewellery
 l - a ring of poison resistance (left hand)
 n - a ring of magical power
 o - an amulet of reflection (around neck)
 q - a ring of willpower
 y - the amulet of Nefocwaf {Spirit rElec MP+9 Str-3 Int+8}
   (You found it on level 6 of the Dungeon)

   [amulet of guardian spirit]

   It causes incoming damage to be divided between your reserves of health and
   magic.
   Str:       It affects your strength (-3).
   Int:       It affects your intelligence (+8).
   rElec:     It insulates you from electricity.
   MP:        It affects your magic capacity (+9).
 H - an amulet of guardian spirit
Wands
 x - a wand of flame (15)
 E - a wand of roots (9)
Scrolls
 b - 3 scrolls of immolation
 d - a scroll of fear
 f - 8 scrolls of identify
 h - 2 scrolls of noise
 k - a scroll of vulnerability {unknown}
 m - 3 scrolls of amnesia
 t - 3 scrolls of teleportation
 u - a scroll of magic mapping
 v - 2 scrolls of enchant armour
 F - a scroll of poison
 G - a scroll of blinking
Potions
 e - a potion of lignification
 g - a potion of attraction {unknown}
 i - 5 potions of degeneration
 j - 2 potions of curing
 p - a potion of heal wounds
 r - a potion of mutation {unknown}
 s - 2 potions of cancellation {unknown}
 w - a potion of might
 A - a potion of resistance {unknown}
 B - a potion of haste {unknown}


   Skills:
 - Level 5.0 Fighting
 + Level 11.6 Ranged Weapons
 - Level 10.0 Dodging
 - Level 10.0 Stealth


You had 9 spell levels left.
You didn't know any spells.
Your spell library contained the following spells:

 Spells                   Type           Power      Damage    Failure   Level
 Apportation              Tloc           0%         N/A       32%         1
 Foxfire                  Conj/Fire      0%         2x1d4     32%         1
 Ensorcelled Hibernation  Hex/Ice        0%         N/A       45%         2
 Passwall                 Tmut/Erth      0%         N/A       45%         2
 Conjure Flame            Conj/Fire      0%         6-21      69%         3
 Inner Flame              Hex/Fire       0%         N/A       69%         3
 Swiftness                Air            0%         N/A       69%         3
 Flame Wave               Conj/Fire      0%         2d4       97%         4
 Alistair's Intoxication  Tmut/Pois      0%         N/A       100%        5


Dungeon Overview and Level Annotations

Branches:
Dungeon (8/15)             Temple (1/1) D:7
   Lair: D:8-11

Altars:
Cheibriados
Dithmenos
Elyvilon
Fedhas
Gozag
Hepliaklqana
Kikubaaqudgha
Makhleb
Okawaru
Qazlal
Trog
Uskayaw
Vehumet
Wu Jian
Xom
Zin
The Shining One

Shops:
D:8 ?(

Annotations:
D:1 2 transporters


Innate Abilities, Weirdness & Mutations

You are very small and have problems with some larger weapons.
You are too small for most types of armour.
You have supernaturally acute eyesight. (SInv)
You cover ground extremely quickly. (Speed+++)


Message History

Fedhas appreciates your contribution to the ecosystem.
No target in view!
Things that are here:
a +0 whip; 5 poisoned darts; a kobold corpse
There is an open door here.
There is an open door here.
A necrophage is nearby!
You shoot a bolt. The bolt closely misses the necrophage.
You shoot a bolt. The bolt hits the necrophage!
The necrophage is almost destroyed.
You shoot a bolt. The bolt barely misses the necrophage.
The necrophage completely misses you. x2
You shoot a bolt. The bolt barely misses the necrophage.
The necrophage barely misses you.
You shoot a bolt. The bolt barely misses the necrophage.
The necrophage misses you.
You shoot a bolt. The bolt hits the necrophage!
You destroy the necrophage!
Fedhas accepts your kill.
You see here a necrophage corpse.
An ogre and a centaur warrior come into view.
There is a fountain of clear blue water here.
You shoot a bolt.
The bolt barely misses the centaur warrior.
The ogre shouts!
The centaur warrior shouts!
The centaur warrior wields a +0 shortbow.
The centaur warrior shoots an arrow.
The arrow hits you!
You shoot a bolt.
The bolt completely misses the centaur warrior.
The centaur warrior shoots an arrow.
The arrow hits you!!
You are too injured to fight recklessly!
The centaur warrior shoots an arrow.
The arrow completely misses you.
The centaur warrior shoots an arrow.
The arrow hits you!!
* * * LOW HITPOINT WARNING * * *
The centaur warrior shoots an arrow.
You reflect the arrow off an invisible shield around you!
The arrow hits the centaur warrior!
The centaur warrior shoots an arrow.
The arrow hits you!
You die...
Fedhas appreciates your contribution to the ecosystem.

.### #...## ## #...# #...##
###..#.# #
##....#.##########
#..#####.......... #.##
#..####'### #.#
####.##.....# # #@#
##..#.##.⌠.⌠.# ♣♣.# #♣
♣#.###......'..>..' ..♣ #.♣
♣.#.##.......#.⌠.⌠.# . ♣.♣.
#.##.......#.....#
~♣♣♣♣♣♣.♣♣#c###.....)###'###
~.~..O.⌠c...#..........†....
≈~P~♣♣♣.♣♣#.................
. ~ ♣.♣. #..##.............
..♣ #.♣ ♣.#.####..........##


You could see a centaur warrior.

Vanquished Creatures
  A two-headed ogre (D:5)
  Pikel (D:6)
  Joseph (D:7)
  Grinder (D:4)
  A steam dragon (D:7)
  Edmund (D:5)
  Menkaure (D:5)
  6 water moccasins
  A sky beast (D:6)
  An orc warrior (D:6)
  An ice beast (D:5)
  2 black bears
  2 ogres
  3 phantoms
  A lemure (D:6)
  2 kobold brigands
  A gnoll sergeant (D:7)
  3 bullfrogs
  2 necrophages
  A scorpion (D:6)
  5 wights
  5 killer bees (D:7)
  4 bullfrog zombies (D:5)
  5 hounds
  A human zombie (D:5)
  2 jellies (D:5)
  A gnoll bouda (D:6)
  An orc priest (D:8)
  5 iguanas (D:6)
  Jessica (D:3)
  An orc wizard (D:4)
  2 mummies (D:5)
  A howler monkey zombie (D:5)
  12 gnolls
  10 adders
  2 shadow imps (D:7)
  An adder zombie (D:5)
  3 worms (D:3)
  3 dart slugs
  19 orcs
  6 ball pythons
  9 endoplasms
  5 giant cockroaches
  9 hobgoblins
  6 jackals (D:2)
  13 kobolds
  4 quokkas
  4 bats
  3 frilled lizards
  5 goblins
  5 rats
186 creatures vanquished.

Vanquished Creatures (others)
  38 fungi (D:8)
  56 plants
94 creatures vanquished.

Grand Total: 280 creatures vanquished

Notes
Turn   | Place    | Note
-------+----------+-------------------------------------------
     0 | D:1      | warriortoast the Spriggan Hunter began the quest for the
                  | Orb.
     0 | D:1      | Reached XP level 1. HP: 10/10 MP: 2/2
   287 | D:1      | Reached XP level 2. HP: 15/15 MP: 3/3
   915 | D:1      | Reached XP level 3. HP: 18/18 MP: 4/4
  1469 | D:2      | Reached XP level 4. HP: 23/23 MP: 5/5
  1997 | D:3      | Found a burning altar of Makhleb.
  2015 | D:3      | Found a faded altar of an unknown god.
  2144 | D:3      | Noticed an ogre
  2223 | D:3      | Killed an ogre
  2224 | D:3      | Reached XP level 5. HP: 13/27 MP: 6/6
  2467 | D:3      | Noticed Jessica
  2477 | D:3      | Killed Jessica
  3071 | D:4      | Reached skill level 5 in Ranged Weapons
  3198 | D:4      | Reached XP level 6. HP: 32/32 MP: 7/7
  3323 | D:4      | Reached skill level 5 in Stealth
  3509 | D:4      | Noticed Grinder
  3519 | D:4      | Paralysed by Grinder for 5 turns
  3827 | D:4      | Reached skill level 5 in Dodging
  3984 | D:4      | Killed Grinder
  3985 | D:4      | Reached XP level 7. HP: 35/36 MP: 8/8
  4151 | D:5      | Entered Level 5 of the Dungeon
  4257 | D:5      | Noticed Menkaure
  4263 | D:5      | Killed Menkaure
  4648 | D:5      | Noticed a two-headed ogre
  4672 | D:5      | Killed a two-headed ogre
  4673 | D:5      | Reached skill level 6 in Ranged Weapons
  4673 | D:5      | Reached XP level 8. HP: 42/42 MP: 9/9
  4739 | D:5      | Found a shimmering altar of Xom.
  4740 | D:5      | Found a bloodstained altar of Trog.
  4757 | D:5      | Found an opulent altar of Gozag.
  4773 | D:5      | Found a glowing silver altar of Zin.
  4799 | D:5      | Found a white marble altar of Elyvilon.
  4920 | D:5      | Noticed Edmund
  4959 | D:5      | Killed Edmund
  5825 | D:5      | Reached skill level 7 in Ranged Weapons
  5897 | D:5      | Reached skill level 5 in Fighting
  5920 | D:5      | Found an ancient bone altar of Kikubaaqudgha.
  6160 | D:5      | Reached XP level 9. HP: 47/47 MP: 10/10
  6630 | D:6      | Reached skill level 10 in Stealth
  6896 | D:6      | Identified the amulet of Nefocwaf {Spirit rElec MP+9 Str-3
                  | Int+8}
  7042 | D:6      | Reached skill level 8 in Ranged Weapons
  7355 | D:6      | You fall into a shaft and drop 1 floor!
  7404 | D:7      | Found a staircase to the Ecumenical Temple.
  7412 | Temple   | Entered the Ecumenical Temple
  7420 | Temple   | Became a worshipper of Fedhas Madash
  7773 | D:7      | Noticed Pikel
  7911 | D:6      | Killed Pikel
  7912 | D:6      | Reached skill level 9 in Ranged Weapons
  7912 | D:6      | Reached skill level 10 in Dodging
  8571 | D:7      | Noticed Joseph
  8790 | D:8      | Reached skill level 10 in Ranged Weapons
  8790 | D:8      | Reached XP level 10. HP: 51/51 MP: 11/11
  8868 | D:8      | Found Vyett's Magic Scroll Shoppe.
  8874 | D:8      | Bought a scroll of identify for 26 gold pieces
  8874 | D:8      | Bought a scroll of identify for 26 gold pieces
  8874 | D:8      | Bought a scroll of identify for 26 gold pieces
  8874 | D:8      | Bought a scroll of teleportation for 39 gold pieces
  8874 | D:8      | Bought a scroll of enchant armour for 97 gold pieces
  8874 | D:8      | Bought a scroll of identify for 26 gold pieces
  8874 | D:8      | Bought a scroll of teleportation for 39 gold pieces
  8893 | D:8      | Reached * piety under Fedhas
  9080 | D:8      | Found Seluqear's Weapon Emporium.
  9247 | D:7      | Killed Joseph
  9248 | D:7      | Reached skill level 11 in Ranged Weapons
  9812 | D:7      | Found a glowing golden altar of the Shining One.
 10217 | D:7      | Noticed a centaur warrior
 10223 | D:7      | HP: 2/51 [centaur warrior/arrow (19)]
 10228 | D:7      | Shot with an arrow by a centaur warrior

Illustrated notes

Levels and vault maps discovered:
D:1:      spicycebolla_arrival_transporter_tutorial, layout_basic
D:2:      minmay_spotlight, layout_basic, serial_bayou_crossing
D:3:      layout_basic, mainiacjoe_overflow_concentric_impassable,
          shapermc_ecumenical_altar_flowoftime, kennysheep_jessica_study
D:4:      layout_rooms, uniq_grinder
D:5:      layout_layer_cave, lemuel_mausoleum_altar_kikubaaqudgha,
          grunt_temple_overflow_open, uniq_menkaure, uniq_edmund
D:6:      layout_loops_corners
D:7:      nzn_winding_woodlands_three_and_one
          [nzn_winding_woodlands_5x15_zeroes,
          nzn_winding_woodlands_5x15_lazy_stream,
          nzn_winding_woodlands_5x15_split_checker,
          nzn_winding_woodlands_center_diamonds], layout_cave_pods,
          mainiacjoe_overflow_chevrons, minmay_temple_entry_hall,
          minmay_misc_feat_four_crosses, st_stairs_12, minmay_misc_feat_cross,
          uniq_joseph, uniq_pikel
D:8:      layout_layer_cave, due_lair_maze_entry_diamond, serial_shops,
          nicolae_shop_trees, shop, nicolae_square_shop,
          nicolae_shop_behind_doors
Temple:   nicolae_temple_two_arcs

Skill      XL: |  1  2  3  4  5  6  7  8  9 10 |
---------------+-------------------------------+-----
Stealth        | 2 3 4 6 8 9 10 | 10.0
Dodging        | 3 4 5 7 8 10 | 10.0
Fighting       | 2 3 4 5 |  5.0
Ranged Weapons | 5 6 7 10 11 | 11.6

Action                   |  1- 3 |  4- 6 |  7- 9 | 10-12 || total
-------------------------+-------+-------+-------+-------++-------
 Fire: Shortbow          |   120 |   173 |   364 |       ||   657
       Arbalest          |       |       |    33 |   105 ||   138
Evoke: Wand              |       |       |     5 |       ||     5
  Use: Scroll            |       |       |    14 |       ||    14
       Potion            |       |       |       |     1 ||     1
Armor: Robe              |     2 |     5 |     5 |     4 ||    16
       Skin              |       |       |       |     6 ||     6
Dodge: Dodged            |    33 |    45 |   132 |   115 ||   325
Block: Other             |       |    10 |    36 |    22 ||    68
       Reflection        |       |       |     2 |     1 ||     3
